 Dungeon Crawl Stone Soup version 0.19-a0-1155-gb6eeeff (webtiles) character file.

2588 mmcf the Grappler (level 9, -7/85 HPs)
             Began as a Troll Monk on Aug 13, 2016.
             Was a Priest of Okawaru.
             Mangled by a killer bee (9 damage)
             ... on level 7 of the Dungeon.
             The game lasted 00:21:30 (5947 turns).

mmcf the Grappler (Troll Monk)                      Turns: 5947, Time: 00:21:32

Health: -7/85      AC:  5    Str: 21    XL:     9   Next: 32%
Magic:  9/9        EV: 12    Int:  6    God:    Okawaru [***...]
Gold:   318        SH:  0    Dex: 15    Spells: 0 memorised, 8 levels left

rFire  . . .     SeeInvis +       - Unarmed
rCold  . . .     Gourm    +     a - +0 robe
rNeg   . . .     Faith    .     (no shield)
rPois  .         Spirit   .     (helmet restricted)
rElec  .         Dismiss  .     (no cloak)
rCorr  .         Reflect  .     (gloves unavailable)
MR     .....     Harm     .     (boots unavailable)
Stlth  ++........               (no amulet)
                                (no ring)
                                v - ring of see invisible

@: lethally poisoned (-7 -> -11)
A: unfitting armour, claws 3, fast metabolism 3, gourmand, regeneration 2,
shaggy fur 1, tough skin 2
a: Heroism, Renounce Religion


You were on level 7 of the Dungeon.
You worshipped Okawaru.
Okawaru was most pleased with you.
You were very full.

You visited 2 branches of the dungeon, and saw 9 of its levels.

You collected 318 gold pieces.

Inventory:

Hand Weapons
 n - a +1 morningstar
 z - a +0 giant spiked club
Missiles
 x - 42 poisoned needles
Armour
 a - a +0 robe (worn)
Jewellery
 l - an uncursed amulet of faith
 v - a ring of see invisible (left claw)
Scrolls
 f - a scroll of magic mapping
 h - a scroll of noise {unknown}
 k - a scroll of enchant weapon
 m - a scroll of random uselessness {unknown}
 o - 3 scrolls of remove curse
 s - a scroll of teleportation
 t - a scroll of recharging {unknown}
 u - 3 scrolls of immolation {unknown}
 B - a scroll of amnesia {unknown}
 F - a scroll of identify
Potions
 c - a potion of cancellation
 g - a potion of berserk rage {unknown}
 i - a potion of flight
 p - a potion of heal wounds {unknown}
 q - a potion of magic {unknown}
 w - a potion of brilliance {unknown}
 A - 2 potions of mutation {unknown}
 C - 3 potions of might {unknown}
 E - a potion of resistance {unknown}
Books
 y - a book of Unlife

   Spells                             Type                      Level
   a - Recall                         Summoning/Translocation      3
   b - Animate Dead                   Necromancy                   4
   c - Control Undead                 Necromancy                   4
   d - Cigotuvi's Embrace             Necromancy                   5
   e - Death Channel                  Necromancy                   6
   f - Simulacrum                     Ice/Necromancy               6
Comestibles
 b - 4 bread rations
 d - 9 fruits
 j - 3 meat rations
 r - 2 beef jerkies
 D - 2 chunks of flesh


   Skills:
 + Level 4.4 Fighting
 + Level 4.3 Dodging
 - Level 1.1 Stealth
 * Level 11.0 Unarmed Combat
 - Level 2.4 Invocations


You had 8 spell levels left.
You didn't know any spells.

Dungeon Overview and Level Annotations

Branches:
Dungeon (8/15)             Temple (1/1) D:4
   Lair: D:8-11

Altars:
Ashenzari
Cheibriados
Dithmenos
Elyvilon
Fedhas
Gozag
Hepliaklqana
Kikubaaqudgha
Makhleb
Nemelex Xobeh
Okawaru
Pakellas
Qazlal
Ru
Sif Muna
Trog
Uskayaw
Vehumet
Xom
Yredelemnul
Zin
The Shining One

Shops:
D:5 }   D:7 }   D:8 =[}?


Innate Abilities, Weirdness & Mutations

You are too large for most types of armour.
You have claws for hands.
Your metabolism is lightning-fast.
You like to eat raw meat.
You heal very quickly.
You are covered in fur. (AC +1)
You have very tough skin. (AC +2)


Message History

You feel better.
The killer bee stings you but does no damage.
The killer bee closely misses you. The killer bee misses you.
The killer bee stings you but does no damage.
You miss the killer bee.
The killer bee is heavily wounded.
The killer bee misses you. The killer bee stings you!
* * * LOW HITPOINT WARNING * * *
You are poisoned.
The killer bee poisons you! The killer bee stings you.
* * * LOW HITPOINT WARNING * * *
You are more poisoned.
The killer bee poisons you!
You miss the killer bee.
The killer bee is heavily wounded.
* * * LOW HITPOINT WARNING * * *
You feel sick. The killer bee stings you.
* * * LOW HITPOINT WARNING * * *
The killer bee misses you. The killer bee stings you!
You die...

...............
.#...#.....)..#
##.#.##...###.
........### ........#
.)......# ........#
.l......##############..
...............y@yy.....
....g...##########.#.∩.#
g.......# .. # ##


You could see 3 killer bees.

Vanquished Creatures
  An ugly thing (D:8)
  Prince Ribbit (D:7)
  A hippogriff (D:8)
  3 ice beasts
  3 ogres
  The ghost of WhatIsLove the Skirmisher, an amateur DsGl (D:3)
  A centaur (D:5)
  A big kobold (D:8)
  2 giant frogs (D:8)
  2 scorpions
  5 wights (D:6)
  A giant frog zombie (D:5)
  A crimson imp (D:8)
  A centaur zombie (D:7)
  3 orc priests
  3 iguanas
  2 orc wizards
  3 worker ants
  2 hound skeletons (D:7)
  A worker ant zombie (D:5)
  4 gnolls (D:3)
  13 adders
  2 oozes (D:2)
  An adder skeleton (D:5)
  3 worms
  3 dart slugs
  A giant gecko (D:2)
  10 orcs
  6 giant cockroaches
  5 goblins
  9 hobgoblins
  6 jackals (D:4)
  11 kobolds
  2 quokkas
  2 ball pythons
  6 bats
  5 giant newts
  6 rats
133 creatures vanquished.

Notes
Turn   | Place    | Note
-------+----------+-------------------------------------------
     0 | D:1      | mmcf the Troll Monk began the quest for the Orb.
     0 | D:1      | Reached XP level 1. HP: 22/22 MP: 0/0
   253 | D:1      | Reached XP level 2. HP: 29/29 MP: 1/1
   543 | D:2      | Reached skill level 4 in Unarmed Combat
  1027 | D:2      | Reached XP level 3. HP: 35/36 MP: 2/2
  1336 | D:3      | Reached skill level 5 in Unarmed Combat
  1336 | D:3      | Reached XP level 4. HP: 30/44 MP: 3/3
  1746 | D:3      | Noticed WhatIsLove's ghost (amateur DsGl)
  1766 | D:3      | Reached XP level 5. HP: 48/50 MP: 4/4
  1772 | D:3      | Killed WhatIsLove's ghost
  1772 | D:3      | Reached skill level 6 in Unarmed Combat
  1964 | D:4      | Reached XP level 6. HP: 52/59 MP: 5/5
  1970 | D:4      | Found a staircase to the Ecumenical Temple.
  1994 | Temple   | Entered the Ecumenical Temple
  2056 | Temple   | Became a worshipper of Ru the Awakened
  2084 | Temple   | Fell from the grace of Ru
  2084 | Temple   | Became a worshipper of Warmaster Okawaru
  3150 | D:3      | Reached skill level 7 in Unarmed Combat
  3513 | D:5      | Entered Level 5 of the Dungeon
  3919 | D:4      | Reached skill level 8 in Unarmed Combat
  4031 | D:5      | Reached XP level 7. HP: 65/66 MP: 6/6
  4111 | D:4      | Reached * piety under Okawaru
  4111 | D:4      | Reached skill level 1 in Invocations
  4586 | D:5      | Reached skill level 9 in Unarmed Combat
  4682 | D:5      | Reached ** piety under Okawaru
  4682 | D:5      | Reached XP level 8. HP: 51/74 MP: 8/8
  5361 | D:5      | Found Reothy's Gadget Shop.
  5577 | D:7      | Found a white marble altar of Elyvilon.
  5577 | D:7      | Noticed Prince Ribbit
  5611 | D:7      | Killed Prince Ribbit
  5611 | D:7      | Reached skill level 10 in Unarmed Combat
  5643 | D:7      | HP: 2/78 [ice beast (6)]
  5671 | D:8      | Found Luinu's Armour Boutique.
  5730 | D:8      | Reached *** piety under Okawaru
  5731 | D:8      | Found Subagall's Gadget Shop.
  5757 | D:8      | Found Daizujil's Jewellery Emporium.
  5836 | D:8      | Reached XP level 9. HP: 65/84 MP: 9/9
  5892 | D:8      | Noticed a green ugly thing
  5901 | D:8      | Found Ironu's Magic Scroll Boutique.
  5906 | D:8      | Killed a green ugly thing
  5925 | D:8      | Reached skill level 11 in Unarmed Combat
  5944 | D:7      | Found Ruowo's Gadget Shop.
  5947 | D:7      | HP: 2/85 [killer bee (4)]
  5947 | D:7      | Mangled by a killer bee

Vault maps used:
D:1:      saegor_arrival_miasma
D:2:      minmay_cupped
D:3:      first_bread
D:4:      minivault_11, small_statue_alley_b, st_stairs_8, glass_columns_c
D:5:      serial_shops, kennysheep_little_box, hangedman_decor_growths,
          st_stairs_4
D:6:      uniq_sigmund
D:7:      serial_shops, nicolae_shop_overgrown_old_shop, shop,
          nicolae_shop_behind_doors, nicolae_shop_stone, basic_altar,
          uniq_prince_ribbit1, uniq_menkaure
D:8:      nicolae_overflow_crystal_walls, serial_shops, shop_fountains,
          nicolae_shop_trees, nicolae_shop_stone, nicolae_shop_stone, shop,
          nicolae_ossuary_entry_ruins
Temple:   dpeg_three_leaves_temple

Skill      XL: |  1  2  3  4  5  6  7  8  9 |
---------------+----------------------------+-----
Unarmed Combat | 4 5 6 8 9 10 11 | 11.0
Invocations    | 2 |  2.4
Fighting       | 4 |  4.4
Dodging        | 3 4 |  4.3
Stealth        | |  1.1

Action                   |  1- 3 |  4- 6 |  7- 9 || total
-------------------------+-------+-------+-------++-------
Melee: Unarmed           |    68 |   127 |   164 ||   359
       Punch             |       |     6 |     4 ||    10
Invok: Heroism           |       |       |     1 ||     1
  Use: Scroll            |       |     7 |     1 ||     8
       Potion            |       |       |     2 ||     2
 Stab: Sleeping          |     4 |     1 |     3 ||     8
  Eat: Chunk             |    18 |    22 |    17 ||    57
       Pizza             |       |     1 |       ||     1
Armor: Robe              |    10 |    41 |    50 ||   101
Dodge: Dodged            |    29 |    62 |    94 ||   185
